2753 views
Uploaded 2019-12-14 18:51:40
Game version 1.32.0.4
48:53 long 2on2 ladder game on (4)HillsbradCreek
Saved by BEARAND
2753 views
Uploaded 2019-12-14 18:51:40
Game version 1.32.0.4
48:53 long 2on2 ladder game on (4)HillsbradCreek


132 units @ 20.1k
/ 2.8k
70 buildings @ 11.5k
/ 5.3k


| Grunt | 8 | 1600 | / | 0 |
| Peon | 13 | 975 | / | 0 |
| Troll Headhunter | 5 | 700 | / | 100 |
| Raider | 7 | 1260 | / | 280 |
| Wind Rider | 6 | 1590 | / | 240 |
| Tauren | 9 | 2520 | / | 720 |
| Troll Berserker | 5 | 700 | / | 100 |
| Goblin Shredder | 1 | 375 | / | 100 |
| Goblin Zeppelin | 1 | 240 | / | 60 |
| total: | 55 | 9960g | / | 1600w |
| Watch Tower | 20 | 2200 | / | 1600 |
| Barracks | 1 | 180 | / | 50 |
| Orc Burrow | 8 | 1280 | / | 320 |
| War Mill | 2 | 410 | / | 0 |
| Altar of Storms | 1 | 180 | / | 50 |
| Great Hall | 1 | 385 | / | 185 |
| Beastiary | 1 | 145 | / | 140 |
| Tauren Totem | 1 | 135 | / | 155 |
| Stronghold | 1 | 315 | / | 190 |
| Fortress | 1 | 325 | / | 190 |
| total: | 35 | 4915g | / | 2500w |
| 0:14 | Barracks |
| 0:50 | Orc Burrow |
| 1:23 | Grunt |
| 1:27 | Peon |
| 1:29 | Peon |
| 1:51 | War Mill |
| 2:08 | Grunt |
| 3:09 | Troll Headhunter |
| 3:21 | Peon |
| 3:23 | Peon |
| 3:26 | Grunt |
| 3:32 | Steel Armor |
| 3:56 | Altar of Storms |
| 4:34 | Stronghold |
| 5:07 | Orc Burrow |
| 5:22 | Steel Melee Weapons |
| 6:05 | Grunt |
| 6:08 | Grunt |
| 6:14 | Orc Burrow |
| 7:02 | Healing Wave |
| 7:08 | Berserker Strength |
| 7:10 | Grunt |
| 7:19 | Beastiary |
| 8:09 | Peon |
| 8:09 | Peon |
| 8:33 | Orc Burrow |
| 8:55 | Raider |
| 9:37 | Orc Burrow |
| 9:39 | Raider |
| 9:49 | Hex |
| 10:29 | Raider |
| 10:29 | Raider |
| 10:29 | Raider |
| 11:07 | Orc Burrow |
| 11:10 | Wind Rider |
| 11:11 | Wind Rider |
| 11:15 | Thorium Melee Weapons |
| 11:17 | Troll Headhunter |
| 11:18 | Troll Headhunter |
| 12:00 | Fortress |
| 12:57 | Healing Wave |
| 13:13 | Tauren Totem |
| 14:21 | Peon |
| 14:21 | Peon |
| 14:40 | Watch Tower |
| 14:47 | Tauren |
| 15:09 | Envenomed Spears |
| 15:14 | Chain Lighting |
| 16:01 | Watch Tower |
| 17:02 | Arcanite Melee Weapons |
| 17:10 | Watch Tower |
| 17:30 | Grunt |
| 17:31 | Grunt |
| 17:38 | Raider |
| 17:38 | Raider |
| 17:49 | Orc Burrow |
| 17:49 | Orc Burrow |
| 18:21 | Watch Tower |
| 19:01 | Great Hall |
| 19:28 | Watch Tower |
| 19:45 | Steel Ranged Weapons |
| 20:44 | Goblin Shredder |
| 20:57 | Goblin Zeppelin |
| 21:51 | Watch Tower |
| 22:01 | Peon |
| 22:01 | Peon |
| 22:01 | Peon |
| 22:58 | Thorium Armor |
| 23:07 | Watch Tower |
| 24:58 | Watch Tower |
| 24:58 | Watch Tower |
| 25:00 | Watch Tower |
| 25:03 | Pulverize |
| 25:05 | Tauren |
| 25:05 | Tauren |
| 25:05 | Tauren |
| 25:09 | Peon |
| 25:09 | Peon |
| 25:31 | Watch Tower |
| 26:03 | Watch Tower |
| 26:12 | Tauren |
| 27:15 | Tauren |
| 27:53 | Watch Tower |
| 27:55 | Watch Tower |
| 28:07 | Berserker Upgrade |
| 28:09 | Troll Headhunter |
| 28:09 | Troll Headhunter |
| 28:42 | War Mill |
| 31:44 | Tauren |
| 31:44 | Tauren |
| 31:46 | Troll Berserker |
| 31:46 | Troll Berserker |
| 31:47 | Troll Berserker |
| 32:30 | Serpent Ward |
| 33:47 | Watch Tower |
| 34:02 | Arcanite Armor |
| 34:13 | Wind Rider |
| 34:13 | Wind Rider |
| 34:13 | Wind Rider |
| 35:01 | Watch Tower |
| 35:20 | Troll Berserker |
| 35:20 | Troll Berserker |
| 35:26 | Tauren |
| 36:10 | Watch Tower |
| 36:23 | Wind Rider |
| 37:15 | Watch Tower |
| 37:31 | Watch Tower |
| 37:39 | Watch Tower |
| Right click | 1224 |
| Select | 401 |
| Build/train/purchase | 79 |
| Use ability | 38 |
| Misc. action | 24 |
| Remove unit | 4 |



| Orb of Venom | 2 | 650 |
| Boots of Speed | 2 | 500 |
| total: | 4 | 1150g |
| Wisp | 33 | 1980 | / | 0 |
| Archer | 18 | 2340 | / | 180 |
| Huntress | 3 | 585 | / | 60 |
| Hippogryph | 8 | 1280 | / | 160 |
| Chimaera | 2 | 660 | / | 140 |
| Mountain Giant | 2 | 700 | / | 200 |
| Druid of the Claw | 3 | 765 | / | 240 |
| Goblin Shredder | 1 | 375 | / | 100 |
| Forest Troll Shadow Priest | 1 | 195 | / | 10 |
| Forest Troll Berserker | 1 | 245 | / | 30 |
| Mud Golem | 1 | 145 | / | 10 |
| Demolisher | 1 | 220 | / | 50 |
| Grunt | 3 | 600 | / | 0 |
| total: | 77 | 10090g | / | 1180w |
| Ancient Protector | 6 | 810 | / | 480 |
| Ancient of War | 2 | 300 | / | 120 |
| Moon Well | 14 | 2520 | / | 560 |
| Altar of Elders | 3 | 540 | / | 150 |
| Hunter's Hall | 1 | 210 | / | 100 |
| Ancient of Wonders | 1 | 90 | / | 30 |
| Tree of Life | 5 | 1700 | / | 925 |
| Ancient of Wind | 1 | 150 | / | 140 |
| Ancient of Lore | 1 | 155 | / | 145 |
| Chimaera Roost | 1 | 140 | / | 190 |
| Tree of Ages | 1 | 320 | / | 180 |
| Tree of Eternity | 1 | 330 | / | 200 |
| total: | 35 | 6615g | / | 2840w |
| 0:37 | Ancient of War |
| 0:45 | Wisp |
| 0:51 | Wisp |
| 1:11 | Moon Well |
| 1:18 | Wisp |
| 1:32 | Wisp |
| 1:41 | Archer |
| 1:41 | Archer |
| 2:30 | Archer |
| 2:30 | Archer |
| 2:31 | Archer |
| 2:49 | Wisp |
| 2:50 | Wisp |
| 3:16 | Altar of Elders |
| 3:52 | Wisp |
| 3:52 | Wisp |
| 3:53 | Wisp |
| 3:53 | Wisp |
| 3:54 | Wisp |
| 4:31 | Moon Well |
| 4:50 | Archer |
| 4:51 | Archer |
| 5:09 | Archer |
| 5:09 | Archer |
| 5:43 | Hunter's Hall |
| 6:14 | Immolation |
| 6:27 | Wisp |
| 6:28 | Wisp |
| 6:28 | Wisp |
| 6:29 | Wisp |
| 6:55 | Ultravision |
| 7:05 | Ancient of Wonders |
| 8:00 | Wisp |
| 8:19 | Sentinel |
| 8:20 | Huntress |
| 8:29 | Ancient Protector |
| 8:56 | Tree of Ages |
| 9:06 | Reinforced Hides |
| 9:21 | Evasion |
| 10:10 | Moon Armor |
| 10:10 | Strength of the Wild |
| 10:55 | Archer |
| 10:55 | Archer |
| 11:32 | Nature's Blessing |
| 11:43 | Wisp |
| 11:43 | Wisp |
| 12:47 | Moon Glaive |
| 12:48 | Improved Bows |
| 13:10 | Moon Well |
| 13:11 | Moon Well |
| 13:13 | Moon Well |
| 13:28 | Huntress |
| 13:29 | Huntress |
| 13:29 | Archer |
| 13:29 | Archer |
| 13:56 | Evasion |
| 14:46 | Goblin Shredder |
| 15:17 | Tree of Eternity |
| 16:31 | Fan of Knives |
| 17:07 | Boots of Speed |
| 17:08 | Boots of Speed |
| 17:42 | Wisp |
| 17:42 | Backpack |
| 17:47 | Marksmanship |
| 17:53 | Wisp |
| 18:03 | Ancient of Wind |
| 18:12 | Chimaera Roost |
| 18:41 | Ancient Protector |
| 18:44 | Wisp |
| 18:53 | Well Spring |
| 19:18 | Ancient of Lore |
| 19:30 | Trueshot Aura |
| 19:46 | Hippogryph |
| 19:50 | Orb of Venom |
| 20:58 | Hippogryph |
| 20:59 | Hippogryph |
| 20:59 | Hippogryph |
| 20:59 | Hippogryph |
| 21:47 | Strength of the Moon |
| 21:58 | Wisp |
| 22:02 | Corrosive Breath |
| 22:58 | Tree of Life |
| 24:10 | Moon Well |
| 24:10 | Moon Well |
| 24:11 | Moon Well |
| 24:13 | Moon Well |
| 27:04 | Hippogryph |
| 28:05 | Orb of Venom |
| 28:17 | Wisp |
| 28:17 | Wisp |
| 28:18 | Wisp |
| 28:18 | Wisp |
| 28:23 | Chimaera |
| 28:45 | Ancient Protector |
| 29:47 | Ancient Protector |
| 29:54 | Ancient Protector |
| 29:58 | Ancient Protector |
| 31:21 | Archer |
| 31:21 | Archer |
| 31:22 | Archer |
| 31:24 | Archer |
| 31:24 | Archer |
| 31:26 | Hippogryph |
| 31:26 | Hippogryph |
| 32:30 | Mountain Giant |
| 32:33 | Mountain Giant |
| 34:42 | Druid of the Claw |
| 34:42 | Druid of the Claw |
| 34:42 | Druid of the Claw |
| 34:46 | Chimaera |
| 36:37 | Altar of Elders |
| 36:40 | Wisp |
| 37:06 | Ancient of War |
| 37:24 | Tree of Life |
| 38:00 | Moon Well |
| 38:02 | Moon Well |
| 39:09 | Burning Oil |
| 39:10 | Demolisher |
| 39:15 | Grunt |
| 39:15 | Grunt |
| 39:15 | Grunt |
| 40:02 | Reinforced Defenses |
| 40:03 | Spiked Barricades |
| 40:38 | Pillage |
| 43:06 | Wisp |
| 43:10 | Forest Troll Shadow Priest |
| 43:11 | Forest Troll Berserker |
| 43:12 | Mud Golem |
| 43:37 | Altar of Elders |
| 43:42 | Moon Well |
| 43:42 | Moon Well |
| 43:44 | Moon Well |
| 45:33 | Tree of Life |
| 45:40 | Tree of Life |
| 47:45 | Wisp |
| 47:45 | Wisp |
| 47:45 | Wisp |
| 47:47 | Wisp |
| 47:48 | Wisp |
| 48:08 | Tree of Life |
| Right click | 1183 |
| Select | 590 |
| Select group | 190 |
| Build/train/purchase | 154 |
| Use ability | 31 |
| Chat | 16 |
| Assign group | 14 |
| Item give/drop | 5 |
| Remove unit | 5 |
| Misc. action | 3 |
44 units @ 4.3k
/ 0.4k
190 buildings @ 14.7k
/ 9.2k



| Healing Salve | 4 | 400 |
| Lesser Clarity Potion | 1 | 70 |
| Orb of Lightning | 1 | 375 |
| Boots of Speed | 3 | 750 |
| Staff of Teleportation | 3 | 450 |
| Circlet of Nobility | 1 | 175 |
| Staff of Sanctuary | 3 | 750 |
| total: | 16 | 2970g |
| Peon | 17 | 1275 | / | 0 |
| Troll Batrider | 4 | 640 | / | 160 |
| Goblin Shredder | 1 | 375 | / | 100 |
| total: | 22 | 2290g | / | 260w |
| Watch Tower | 75 | 8250 | / | 6000 |
| Altar of Storms | 2 | 360 | / | 100 |
| Orc Burrow | 3 | 480 | / | 120 |
| War Mill | 1 | 205 | / | 0 |
| Voodoo Lounge | 3 | 390 | / | 90 |
| Great Hall | 1 | 385 | / | 185 |
| Beastiary | 2 | 290 | / | 280 |
| Stronghold | 1 | 315 | / | 190 |
| Fortress | 1 | 325 | / | 190 |
| total: | 87 | 10360g | / | 6775w |
| 0:05 | Peon |
| 0:05 | Peon |
| 0:09 | Altar of Storms |
| 0:22 | Orc Burrow |
| 0:26 | Peon |
| 0:38 | Peon |
| 0:53 | War Mill |
| 1:00 | Voodoo Lounge |
| 1:06 | Peon |
| 1:19 | Peon |
| 1:28 | Peon |
| 1:39 | Orc Burrow |
| 1:52 | Peon |
| 2:09 | Peon |
| 2:12 | Watch Tower |
| 2:15 | Wind Walk |
| 2:19 | Healing Salve |
| 2:30 | Watch Tower |
| 2:33 | Peon |
| 2:53 | Peon |
| 2:55 | Watch Tower |
| 3:16 | Watch Tower |
| 3:45 | Peon |
| 3:45 | Peon |
| 3:48 | Watch Tower |
| 4:09 | Boots of Speed |
| 4:10 | Staff of Teleportation |
| 4:44 | Critical Strike |
| 4:48 | Stronghold |
| 5:16 | Watch Tower |
| 5:19 | Watch Tower |
| 5:24 | Watch Tower |
| 5:27 | Watch Tower |
| 5:43 | Orc Burrow |
| 6:31 | Voodoo Lounge |
| 6:41 | Lesser Clarity Potion |
| 6:42 | Healing Salve |
| 7:20 | Watch Tower |
| 7:21 | Watch Tower |
| 7:38 | Watch Tower |
| 8:11 | Hex |
| 8:19 | Spiked Barricades |
| 8:19 | Reinforced Defenses |
| 8:22 | Watch Tower |
| 8:24 | Watch Tower |
| 8:49 | Watch Tower |
| 8:59 | Goblin Shredder |
| 9:22 | Great Hall |
| 10:19 | Wind Walk |
| 10:43 | Watch Tower |
| 10:52 | Fortress |
| 10:55 | Watch Tower |
| 11:03 | Healing Salve |
| 11:11 | Watch Tower |
| 11:13 | Watch Tower |
| 11:15 | Watch Tower |
| 11:27 | Beastiary |
| 11:30 | Beastiary |
| 11:59 | Healing Wave |
| 12:09 | Watch Tower |
| 12:11 | Peon |
| 12:11 | Peon |
| 12:11 | Peon |
| 12:11 | Peon |
| 12:22 | Watch Tower |
| 12:28 | Watch Tower |
| 12:36 | Watch Tower |
| 12:39 | Watch Tower |
| 13:01 | Improved Spiked Barricades |
| 13:20 | Watch Tower |
| 13:26 | Watch Tower |
| 13:33 | Watch Tower |
| 13:55 | Frost Arrows |
| 14:03 | Watch Tower |
| 14:07 | Watch Tower |
| 14:09 | Liquid Fire |
| 14:10 | War Drums Damage Increase |
| 14:17 | Pillage |
| 14:24 | Watch Tower |
| 14:53 | Watch Tower |
| 15:19 | Watch Tower |
| 15:21 | Watch Tower |
| 15:23 | Watch Tower |
| 15:27 | Watch Tower |
| 15:57 | Boots of Speed |
| 16:00 | Staff of Teleportation |
| 16:19 | Watch Tower |
| 16:21 | Healing Wave |
| 16:47 | Watch Tower |
| 16:49 | Watch Tower |
| 16:52 | Watch Tower |
| 17:04 | Watch Tower |
| 17:16 | Boots of Speed |
| 17:16 | Circlet of Nobility |
| 17:27 | Forked Lightning |
| 17:46 | Critical Strike |
| 17:57 | Staff of Teleportation |
| 18:05 | Altar of Storms |
| 18:07 | Watch Tower |
| 18:12 | Healing Salve |
| 18:18 | Orb of Lightning |
| 18:23 | Staff of Sanctuary |
| 18:28 | Watch Tower |
| 18:31 | Watch Tower |
| 18:33 | Watch Tower |
| 18:34 | Watch Tower |
| 18:36 | Watch Tower |
| 19:08 | Troll Batrider |
| 19:10 | Troll Batrider |
| 19:33 | Watch Tower |
| 19:36 | Watch Tower |
| 19:38 | Watch Tower |
| 19:44 | Watch Tower |
| 19:47 | Watch Tower |
| 20:09 | Staff of Sanctuary |
| 20:15 | Steel Ranged Weapons |
| 20:15 | Steel Armor |
| 20:48 | Watch Tower |
| 20:51 | Watch Tower |
| 20:54 | Watch Tower |
| 20:56 | Watch Tower |
| 21:09 | Watch Tower |
| 22:00 | Watch Tower |
| 22:02 | Watch Tower |
| 22:19 | Frost Arrows |
| 22:31 | Watch Tower |
| 23:06 | Watch Tower |
| 23:08 | Watch Tower |
| 24:58 | Hex |
| 25:08 | Watch Tower |
| 25:10 | Watch Tower |
| 25:16 | Watch Tower |
| 25:36 | Staff of Sanctuary |
| 25:57 | Thorium Ranged Weapons |
| 25:58 | Thorium Armor |
| 28:45 | Critical Strike |
| 30:06 | Forked Lightning |
| 33:14 | Healing Wave |
| 34:02 | Frost Arrows |
| 34:45 | Watch Tower |
| 35:14 | Bladestorm |
| 35:45 | Voodoo Lounge |
| 36:08 | Arcanite Ranged Weapons |
| 36:08 | Arcanite Armor |
| 36:10 | Troll Batrider |
| 36:59 | Watch Tower |
| 39:25 | Watch Tower |
| 39:48 | Watch Tower |
| 40:35 | Big Bad Voodoo |
| 41:40 | Watch Tower |
| 42:15 | Watch Tower |
| 43:41 | Watch Tower |
| 45:59 | Watch Tower |
| 46:58 | Watch Tower |
| 47:24 | Troll Batrider |
| 47:49 | Watch Tower |
| Right click | 2697 |
| Select | 716 |
| Select group | 657 |
| Misc. action | 225 |
| Build/train/purchase | 121 |
| Use ability | 98 |
| Chat | 93 |
| Assign group | 7 |
| Esc | 5 |
| Item give/drop | 4 |
| Minimap ping | 4 |



x1)
| Lesser Clarity Potion | 1 | 70 |
| Staff of Sanctuary | 4 | 1000 |
| Boots of Speed | 3 | 750 |
| Staff of Teleportation | 3 | 450 |
| Periapt of Vitality | 3 | 975 |
| Tome of Retraining | 1 | 300 |
| Healing Salve | 1 | 100 |
| Orb of Lightning | 2 | 750 |
| total: | 18 | 4395g |
| Peasant | 18 | 1350 | / | 0 |
| Priest | 2 | 270 | / | 20 |
| Sorceress | 1 | 155 | / | 20 |
| Goblin Zeppelin | 1 | 240 | / | 60 |
| total: | 22 | 2015g | / | 100w |
| Scout Tower | 91 | 2730 | / | 1820 |
| Arcane Tower | 13 | 910 | / | 650 |
| Guard Tower | 27 | 1890 | / | 1350 |
| Altar of Kings | 1 | 180 | / | 50 |
| Farm | 5 | 400 | / | 100 |
| Lumber Mill | 1 | 120 | / | 0 |
| Town Hall | 1 | 385 | / | 205 |
| Arcane Vault | 3 | 390 | / | 90 |
| Arcane Sanctum | 1 | 150 | / | 140 |
| Keep | 1 | 320 | / | 210 |
| Castle | 1 | 360 | / | 210 |
| total: | 103 | 4355g | / | 2405w |
| 0:03 | Peasant |
| 0:03 | Peasant |
| 0:08 | Altar of Kings |
| 0:20 | Scout Tower |
| 0:23 | Farm |
| 0:28 | Peasant |
| 0:51 | Peasant |
| 0:52 | Peasant |
| 1:04 | Farm |
| 1:12 | Lumber Mill |
| 1:13 | Peasant |
| 1:14 | Peasant |
| 1:17 | Scout Tower |
| 1:35 | Arcane Tower |
| 1:37 | Scout Tower |
| 1:39 | Peasant |
| 1:47 | Peasant |
| 1:52 | Peasant |
| 1:57 | Scout Tower |
| 2:14 | Guard Tower |
| 2:24 | Summon Water Elemental |
| 2:34 | Guard Tower |
| 2:35 | Scout Tower |
| 2:35 | Scout Tower |
| 2:46 | Peasant |
| 2:46 | Peasant |
| 2:46 | Peasant |
| 2:47 | Peasant |
| 3:04 | Guard Tower |
| 3:40 | Brilliance Aura |
| 4:58 | Keep |
| 5:01 | Town Hall |
| 5:05 | Scout Tower |
| 5:06 | Scout Tower |
| 5:06 | Scout Tower |
| 5:07 | Scout Tower |
| 5:07 | Scout Tower |
| 5:08 | Scout Tower |
| 5:08 | Scout Tower |
| 5:09 | Scout Tower |
| 5:10 | Scout Tower |
| 5:10 | Scout Tower |
| 5:15 | Farm |
| 5:17 | Farm |
| 5:19 | Arcane Vault |
| 5:23 | Improved Masonry |
| 5:33 | Arcane Tower |
| 5:40 | Boots of Speed |
| 5:40 | Staff of Teleportation |
| 5:55 | Guard Tower |
| 6:24 | Guard Tower |
| 6:28 | Peasant |
| 6:28 | Peasant |
| 6:58 | Arcane Vault |
| 7:26 | Scout Tower |
| 7:27 | Scout Tower |
| 7:27 | Scout Tower |
| 7:28 | Scout Tower |
| 7:29 | Scout Tower |
| 7:29 | Scout Tower |
| 7:30 | Scout Tower |
| 7:30 | Scout Tower |
| 7:31 | Scout Tower |
| 7:31 | Scout Tower |
| 7:31 | Scout Tower |
| 7:32 | Scout Tower |
| 7:34 | Improved Lumber Harvesting |
| 7:34 | Advanced Masonry |
| 8:16 | Storm Bolt |
| 8:22 | Summon Water Elemental |
| 8:58 | Guard Tower |
| 9:13 | Goblin Zeppelin |
| 9:22 | Scout Tower |
| 9:24 | Scout Tower |
| 9:25 | Scout Tower |
| 9:27 | Scout Tower |
| 9:31 | Peasant |
| 9:31 | Peasant |
| 10:46 | Guard Tower |
| 11:09 | Healing Salve |
| 11:12 | Lesser Clarity Potion |
| 11:20 | Castle |
| 11:23 | Farm |
| 11:25 | Arcane Tower |
| 11:27 | Arcane Tower |
| 11:30 | Scout Tower |
| 12:06 | Arcane Sanctum |
| 12:08 | Scout Tower |
| 12:09 | Scout Tower |
| 12:12 | Bash |
| 12:55 | Arcane Tower |
| 12:57 | Scout Tower |
| 12:58 | Scout Tower |
| 12:58 | Scout Tower |
| 13:27 | Arcane Tower |
| 13:28 | Magic Sentry |
| 13:29 | Priest |
| 13:30 | Priest |
| 13:46 | Imbued Masonry |
| 13:47 | Advanced Lumber Harvesting |
| 13:57 | Boots of Speed |
| 13:57 | Staff of Teleportation |
| 13:58 | Periapt of Vitality |
| 14:20 | Guard Tower |
| 14:20 | Guard Tower |
| 14:22 | Guard Tower |
| 14:24 | Arcane Vault |
| 14:43 | Holy Light |
| 14:46 | Orb of Lightning |
| 14:50 | Staff of Sanctuary |
| 14:50 | Staff of Sanctuary |
| 15:24 | Boots of Speed |
| 15:24 | Staff of Teleportation |
| 16:00 | Periapt of Vitality |
| 16:27 | Brilliance Aura |
| 16:55 | Staff of Sanctuary |
| 16:59 | Scout Tower |
| 17:00 | Scout Tower |
| 17:05 | Arcane Tower |
| 17:07 | Arcane Tower |
| 17:08 | Arcane Tower |
| 17:17 | Staff of Sanctuary |
| 17:53 | Periapt of Vitality |
| 18:04 | Arcane Tower |
| 18:09 | Scout Tower |
| 18:10 | Scout Tower |
| 18:11 | Scout Tower |
| 18:11 | Scout Tower |
| 18:12 | Scout Tower |
| 18:12 | Scout Tower |
| 19:19 | Storm Bolt |
| 19:44 | Guard Tower |
| 19:45 | Priest Adept Training |
| 19:46 | Sorceress Adept Training |
| 19:46 | Sorceress |
| 20:09 | Tome of Retraining |
| 20:09 | Retrain Hero |
| 20:10 | Blizzard |
| 20:10 | Brilliance Aura |
| 20:11 | Blizzard |
| 20:11 | Brilliance Aura |
| 20:32 | Guard Tower |
| 20:33 | Guard Tower |
| 20:35 | Scout Tower |
| 20:35 | Scout Tower |
| 20:36 | Scout Tower |
| 20:37 | Scout Tower |
| 20:37 | Scout Tower |
| 20:38 | Scout Tower |
| 20:38 | Scout Tower |
| 20:39 | Scout Tower |
| 20:41 | Scout Tower |
| 20:41 | Scout Tower |
| 20:42 | Scout Tower |
| 20:43 | Scout Tower |
| 20:44 | Scout Tower |
| 20:45 | Scout Tower |
| 20:46 | Divine Shield |
| 22:00 | Guard Tower |
| 22:01 | Scout Tower |
| 22:04 | Scout Tower |
| 22:06 | Scout Tower |
| 22:07 | Scout Tower |
| 22:08 | Scout Tower |
| 22:34 | Arcane Tower |
| 22:42 | Arcane Tower |
| 25:09 | Holy Light |
| 25:26 | Bash |
| 26:02 | Arcane Tower |
| 26:19 | Guard Tower |
| 26:22 | Scout Tower |
| 26:22 | Scout Tower |
| 26:23 | Scout Tower |
| 26:23 | Scout Tower |
| 26:24 | Scout Tower |
| 26:24 | Scout Tower |
| 26:26 | Scout Tower |
| 26:27 | Scout Tower |
| 26:28 | Scout Tower |
| 26:28 | Scout Tower |
| 26:29 | Scout Tower |
| 26:29 | Scout Tower |
| 26:35 | Guard Tower |
| 26:42 | Sorceress Master Training |
| 26:42 | Priest Master Training |
| 26:55 | Orb of Lightning |
| 27:00 | Scout Tower |
| 27:01 | Scout Tower |
| 27:02 | Scout Tower |
| 27:16 | Guard Tower |
| 27:22 | Scout Tower |
| 27:22 | Scout Tower |
| 27:23 | Scout Tower |
| 27:23 | Scout Tower |
| 27:24 | Scout Tower |
| 27:24 | Scout Tower |
| 27:25 | Scout Tower |
| 27:25 | Scout Tower |
| 27:54 | Guard Tower |
| 27:54 | Guard Tower |
| 28:04 | Guard Tower |
| 28:04 | Guard Tower |
| 30:06 | Brilliance Aura |
| 31:39 | Divine Shield |
| 32:30 | Guard Tower |
| 33:20 | Storm Bolt |
| 35:13 | Mass Teleport |
| 37:35 | Scout Tower |
| 38:09 | Holy Light |
| 40:10 | Avatar |
| 40:49 | Scout Tower |
| 40:50 | Scout Tower |
| Right click | 2904 |
| Select | 834 |
| Select group | 725 |
| Build/train/purchase | 182 |
| Use ability | 167 |
| Chat | 125 |
| Misc. action | 58 |
| Assign group | 41 |
| Minimap ping | 22 |
| Item give/drop | 17 |
| Esc | 1 |
⇛